Map: Jagannatha LE

Players

DPGrogue (Rogue) - Winner!

  • Race: Zerg Zerg

Astrea

  • Race: Protoss Protoss
  • League: Master

Event: ASUS ROG Fall 2021

VOD

Have the link to the VOD?

Description

Time

  • Played on: Sept. 18, 2021, 11:29 a.m.
  • Length: 19:25

All games in this series

Show
View Real Time Build Order
Export as new Build Order

DPGrogue Zerg - Winner!

Build Orders: Hatch First, Lurkers, Roach Hydra 

Get SALT Encoding   

  12  0:00  Drone  
  13  0:12  Overlord  
  13  0:17  Drone  
  14  0:31  Drone x2  
  16  0:48  Hatchery  
  15  0:52  Drone  
  15  0:56  Drone  
  17  0:59  Drone  
  18  1:10  Extractor  
  17  1:15  Spawning Pool  
  17  1:17  Drone  
  17  1:21  Drone  
  18  1:29  Drone  
  20  1:40  Drone  
  20  1:50  Drone  
  21  1:55  Hatchery  
  20  2:02  Zergling x2  
  20  2:06  Queen  
  23  2:10  Drone  
  23  2:12  Drone  
  25  2:19  Overlord  
  25  2:26  Queen  
  25  2:29  Drone  
  28  2:37  Zergling x4  
  28  2:40  Drone  
  28  2:44  Queen  
  31  2:48  Metabolic Boost  
  33  2:53  Drone x2  
  33  2:57  Drone  
  36  3:04  Drone  
  36  3:09  Queen, Overlord  
  38  3:13  Drone  
  38  3:14  Drone  
  38  3:17  Zergling x4  
  42  3:27  Queen, Overlord  
  42  3:30  Drone  
  45  3:35  Drone x2  
  45  3:38  Drone  
  45  3:39  Drone x2  
  50  3:45  Spore Crawler  
  50  3:47  Drone x2  
  51  3:51  Spore Crawler  
  51  3:54  Drone x4  
  54  4:00  Spore Crawler  
  52  4:03  Spore Crawler  
  52  4:06  Drone x3  
  52  4:08  Drone  
  52  4:09  Drone  
  57  4:15  Drone, Roach Warren  
  56  4:17  Overlord  
  56  4:19  Drone  
  57  4:24  Overlord  
  57  4:27  Extractor  
  56  4:33  Drone  
  56  4:35  Drone x6  
  56  4:37  Drone x2  
  65  4:42  Queen  
  67  4:48  Lair  
  67  4:49  Drone x4  
  67  4:52  Drone x2  
  70  4:55  Overlord  
  70  4:58  Overlord  
  70  4:59  Extractor x2  
  68  5:02  Overlord  
  68  5:12  Overlord  
  68  5:14  Extractor, Evolution Chamber  
  68  5:17  Roach x5  
  68  5:18  Drone  
  68  5:19  Drone x3  
  80  5:22  Drone  
  80  5:26  Drone  
  82  5:30  Drone x5  
  82  5:33  Extractor  
  86  5:41  Drone x5  
  91  5:44  Zerg Missile Weapons Level 1  
  91  5:52  Roach x2  
  91  5:54  Overlord  
  91  5:56  Glial Reconstitution  
  95  5:58  Overseer  
  95  6:03  Overlord x2  
  95  6:06  Hatchery  
  94  6:12  Infestation Pit  
  94  6:15  Roach x6  
  94  6:16  Overlord  
  94  6:17  Overseer  
  105  6:21  Overlord  
  105  6:24  Pneumatized Carapace  
  105  6:27  Drone x4  
  105  6:29  Roach x4  
  105  6:30  Zergling x4  
  119  6:35  Overlord  
  119  6:39  Drone x2  
  121  6:45  Drone  
  121  6:46  Hydralisk Den  
  121  6:49  Zergling x4  
  121  6:52  Ravager x3  
  126  6:54  Overlord  
  126  6:55  Zergling x2  
  126  6:56  Zergling x14  
  126  6:58  Extractor x2  
  126  7:00  Drone x2  
  126  7:01  Drone  
  135  7:06  Overlord, Hive  
  134  7:08  Drone  
  135  7:18  Grooved Spines  
  135  7:19  Lurker Den  
  135  7:22  Zergling x10  
  138  7:30  Drone  
  138  7:31  Drone x4  
  138  7:33  Drone  
  143  7:37  Spore Crawler  
  143  7:39  Zerg Missile Weapons Level 2  
  143  7:41  Hydralisk x6  
  153  7:49  Overlord  
  152  7:55  Hydralisk x2  
  152  7:56  Hydralisk  
  152  7:57  Overlord x2  
  158  8:01  Overlord  
  159  8:05  Drone  
  159  8:09  Drone x3  
  159  8:12  Evolution Chamber  
  161  8:23  Seismic Spines  
  161  8:24  Viper x3  
  169  8:32  Zergling x26  
  182  8:37  Viper  
  182  8:39  Zerg Ground Armor Level 1  
  182  8:41  Overlord  
  185  8:43  Zergling x4, Hatchery  
  186  8:49  Overlord  
  186  8:53  Adrenal Glands  
  186  9:00  Hydralisk x5  
  196  9:07  Overlord  
  196  9:09  Overlord  
  196  9:13  Muscular Augments  
  196  9:16  Drone x3  
  199  9:20  Overlord  
  199  9:22  Hatchery  
  198  9:24  Nydus Network  
  198  9:30  Lurker x2  
  199  9:50  Overlord  
  199  9:58  Spore Crawler  
  198  10:05  Lurker  
  198  10:06  Lurker x3  
  185  10:21  Lurker x2  
  185  10:22  Lurker x6  
  185  10:25  Drone  
  185  10:26  Drone x9  
  185  10:27  Extractor x2  
  197  10:36  Hydralisk  
  197  10:39  Zerg Ground Armor Level 2  
  197  10:42  Spire  
  198  10:52  Spine Crawler x2  
  196  10:57  Hydralisk  
  196  10:59  Nydus Canal  
  196  11:03  Hydralisk x2  
  198  11:10  Adaptive Talons  
  170  11:18  Nydus Canal, Hydralisk  
  170  11:19  Hydralisk x11  
  178  11:34  Hydralisk  
  178  11:35  Overseer, Hydralisk x8  
  191  11:43  Zerg Missile Weapons Level 3  
  188  11:50  Hydralisk x4  
  188  11:53  Zergling x8  
  200  11:59  Nydus Canal  
  198  12:08  Zergling x2  
  185  12:16  Zerg Flyer Weapons Level 1  
  185  12:19  Zergling x26  
  185  12:21  Zergling x2  
  185  12:22  Zergling x2  
  184  12:28  Hydralisk  
  184  12:29  Hydralisk x3  
  171  12:30  Overseer  
  171  12:31  Overseer  
  171  12:35  Lurker  
  171  12:36  Lurker x2  
  166  12:38  Zergling x2  
  166  12:39  Zergling x38  
  166  12:40  Lurker x5  
  166  12:41  Zergling x2  
  166  12:42  Zergling x16  
  200  12:47  Spore Crawler  
  200  12:49  Overseer  
  193  12:55  Hydralisk  
  195  12:59  Zerg Ground Armor Level 3, Hydralisk x2  
  156  13:25  Corruptor  
  156  13:26  Corruptor x7  
  150  13:34  Corruptor x3  
  153  13:42  Corruptor x2  
  153  13:47  Zergling x6  
  153  13:48  Zergling x24  
  163  13:50  Drone x3  
  163  13:53  Drone  
  163  13:54  Drone x10  
  170  13:58  Corruptor x3  
  170  14:01  Corruptor  
  178  14:03  Overseer  
  178  14:06  Zergling x12  
  176  14:10  Drone x3  
  165  14:33  Hydralisk x10  
  165  14:36  Nydus Canal  
  185  14:39  Lurker x3  
  185  14:53  Overseer x3  
  185  14:56  Drone  
  185  14:57  Drone x3  
  189  15:01  Drone x3  
  189  15:03  Spine Crawler  
  189  15:04  Spine Crawler  
  189  15:05  Zerg Melee Weapons Level 1  
  190  15:09  Lurker  
  190  15:10  Hatchery, Lurker x4  
  190  15:11  Lurker  
  195  15:21  Zerg Flyer Weapons Level 2, Overlord  
  193  15:31  Corruptor, Overlord  
  186  15:47  Corruptor x7  
  189  16:13  Lurker x2  
  189  16:14  Lurker x2, Hydralisk x3  
  195  16:34  Hydralisk x2  
  199  16:40  Ultralisk Cavern  
  199  16:41  Spore Crawler x3  
  199  16:44  Hydralisk x2  
  196  17:13  Hydralisk x5  
  169  17:26  Corruptor x15  
  179  17:35  Hydralisk x4  
  179  17:36  Hydralisk x2  
  177  17:37  Zergling x10  
  177  17:38  Zergling x36  
  199  18:09  Hydralisk x4  
  196  18:19  Hydralisk  
  191  18:32  Hydralisk  
  191  18:33  Hydralisk x8  
  199  18:34  Hydralisk  
  199  18:35  Hydralisk x2  
  199  18:37  Hydralisk  
  197  18:44  Hydralisk  
  199  18:53  Extractor, Hydralisk x7  
  199  18:54  Overseer  
  199  18:55  Hydralisk x2  
Show
View Real Time Build Order
Export as new Build Order

Astrea Protoss 

Build Orders: 1 Gate Expand, Oracle Opening, Carriers 

Get SALT Encoding   

  12  0:00  Probe  
  13  0:12  Probe  
  14  0:17  Pylon  
  14  0:24  Probe (Chrono Boost)  
  15  0:37  Probe (Chrono Boost)  
  15  0:38  Gateway  
  16  0:45  Probe (Chrono Boost)  
  16  0:47  Assimilator  
  17  0:51  Probe  
  18  1:03  Probe  
  19  1:15  Probe  
  20  1:23  Nexus  
  20  1:27  Probe  
  21  1:36  Cybernetics Core  
  21  1:41  Assimilator  
  21  1:45  Probe  
  22  1:52  Pylon  
  22  1:57  Probe  
  23  2:10  Adept (Chrono Boost), Probe (Chrono Boost)  
  23  2:13  Warp Gate  
  26  2:20  Probe (Chrono Boost)  
  27  2:25  Probe (Chrono Boost)  
  27  2:29  Stargate  
  28  2:33  Adept  
  28  2:35  Probe (Chrono Boost)  
  32  2:42  Probe (Chrono Boost)  
  33  2:45  Probe (Chrono Boost)  
  33  2:49  Probe (Chrono Boost)  
  33  2:50  Probe (Chrono Boost)  
  35  3:00  Probe  
  35  3:03  Probe  
  35  3:04  Stalker  
  39  3:10  Gateway, Oracle (Chrono Boost)  
  39  3:13  Probe  
  39  3:16  Probe  
  44  3:20  Pylon  
  44  3:25  Probe  
  45  3:28  Probe  
  46  3:38  Probe  
  46  3:40  Oracle, Probe  
  51  3:50  Probe  
  51  3:54  Probe  
  51  3:55  Nexus  
  53  3:56  Pylon  
  53  4:02  Probe  
  54  4:12  Assimilator x2  
  54  4:14  Probe x2  
  56  4:23  Forge  
  56  4:24  Twilight Council  
  56  4:26  Probe x2  
  56  4:30  Pylon  
  58  4:37  Sentry  
  60  4:38  Probe x2  
  60  4:40  Robotics Facility  
  62  4:51  Probe x2 (Chrono Boost)  
  62  4:52  Blink  
  64  4:58  Protoss Ground Weapons Level 1 (Chrono Boost)  
  64  5:02  Gateway x2  
  64  5:03  Probe (Chrono Boost)  
  64  5:04  Probe (Chrono Boost)  
  66  5:09  Probe x2 (Chrono Boost)  
  66  5:11  Probe (Chrono Boost)  
  66  5:13  Sentry  
  71  5:18  Probe (Chrono Boost)  
  74  5:21  Probe (Chrono Boost)  
  74  5:22  Probe (Chrono Boost)  
  74  5:23  Probe (Chrono Boost)  
  74  5:27  Assimilator  
  74  5:28  Assimilator, Observer, Sentry  
  76  5:31  Probe (Chrono Boost)  
  76  5:32  Gateway  
  76  5:33  Gateway, Probe x2 (Chrono Boost)  
  81  5:35  Pylon  
  81  5:38  Sentry  
  81  5:40  Pylon  
  84  5:48  Probe (Chrono Boost)  
  85  5:50  Probe (Chrono Boost)  
  85  5:53  Warp Prism  
  85  5:54  Probe (Chrono Boost)  
  89  6:00  Gateway  
  89  6:03  Stalker x4  
  96  6:04  Gateway  
  96  6:17  Pylon, Robotics Facility  
  96  6:18  Robotics Bay  
  96  6:20  Photon Cannon, Probe  
  97  6:28  Stalker x2  
  101  6:46  Stalker x4  
  109  6:54  Nexus  
  109  6:55  Pylon  
  109  6:56  Charge  
  109  6:58  Pylon  
  108  7:08  Probe  
  108  7:12  Pylon  
  108  7:13  Disruptor x2 (Chrono Boost), Probe x2  
  118  7:22  Probe  
  118  7:25  Probe  
  118  7:26  Probe  
  118  7:28  Shield Battery  
  120  7:35  Probe  
  121  7:37  Stalker x3, Probe  
  121  7:38  Probe  
  121  7:39  Pylon  
  129  7:46  Disruptor x2 (Chrono Boost)  
  129  7:47  Probe  
  129  7:49  Shield Battery  
  129  7:50  Shield Battery  
  132  7:51  Protoss Ground Weapons Level 2 (Chrono Boost)  
  132  7:54  Photon Cannon x2  
  132  7:55  Probe  
  133  7:59  Probe x2  
  133  8:02  Photon Cannon, Void Ray (Chrono Boost)  
  133  8:03  Photon Cannon  
  133  8:04  Assimilator  
  135  8:07  Assimilator  
  135  8:09  Probe x2  
  135  8:10  Photon Cannon  
  135  8:12  Disruptor x2 (Chrono Boost)  
  147  8:22  Photon Cannon  
  147  8:23  Pylon  
  147  8:25  Pylon  
  147  8:26  Templar Archives  
  147  8:28  Probe  
  148  8:37  Photon Cannon  
  148  8:38  Photon Cannon  
  148  8:39  Photon Cannon  
  148  8:50  Psionic Storm  
  148  8:53  Gateway, Stalker  
  148  8:54  Gateway  
  150  9:01  Disruptor x2  
  150  9:02  Photon Cannon  
  156  9:03  Photon Cannon  
  156  9:10  Gravitic Boosters  
  156  9:11  Robotics Facility, Dark Shrine  
  156  9:28  High Templar x2  
  156  9:29  High Templar  
  156  9:30  High Templar  
  164  9:41  Nexus, Photon Cannon  
  164  9:45  Protoss Air Weapons Level 1 (Chrono Boost)  
  164  9:46  Pylon, Shield Battery  
  164  9:51  Pylon  
  164  9:52  Assimilator  
  164  9:57  Assimilator  
  158  10:07  Zealot x4  
  162  10:14  Zealot x6  
  162  10:18  Observer x2  
  162  10:19  Observer  
  171  10:27  Protoss Shields Level 1 (Chrono Boost)  
  171  10:33  Fleet Beacon  
  171  10:34  Stargate  
  171  10:36  Photon Cannon, Stargate x2  
  171  10:38  Shield Battery  
  171  10:41  Photon Cannon  
  171  10:43  Photon Cannon, High Templar x4  
  171  10:46  Pylon x2, Shield Battery, Shadow Stride (Chrono Boost)  
  171  10:47  Pylon  
  171  10:48  Pylon  
  171  10:49  Pylon, Archon  
  179  10:50  Archon  
  179  10:56  Zealot x3  
  179  10:57  Zealot x3  
  177  11:11  Photon Cannon  
  177  11:12  Photon Cannon  
  177  11:14  Photon Cannon  
  177  11:16  Photon Cannon  
  167  11:37  Zealot x6  
  176  11:44  Observer (Chrono Boost)  
  176  11:54  Carrier x3  
  176  11:59  Dark Templar x4  
  176  12:00  Dark Templar  
  186  12:15  Zealot x3  
  172  12:26  Carrier  
  178  12:40  Nexus  
  178  12:43  Probe x2  
  178  12:44  Probe x2  
  182  12:55  Probe x2  
  184  12:58  Carrier x2  
  184  13:04  Protoss Air Weapons Level 2 (Chrono Boost)  
  194  13:17  Dark Templar x3  
  185  13:23  Probe x2  
  185  13:24  Probe  
  185  13:25  Probe  
  185  13:31  Zealot x4  
  179  13:35  Probe (Chrono Boost)  
  179  13:36  Probe (Chrono Boost)  
  179  13:38  Probe (Chrono Boost)  
  178  13:46  Probe (Chrono Boost)  
  178  13:47  Probe (Chrono Boost)  
  178  13:48  Probe (Chrono Boost)  
  180  13:49  Assimilator  
  178  13:57  Disruptor x2  
  178  14:09  High Templar x4  
  175  14:25  Photon Cannon  
  175  14:27  Carrier (Chrono Boost)  
  175  14:28  Photon Cannon  
  175  14:30  Photon Cannon x2  
  181  14:43  Void Ray x2 (Chrono Boost)  
  181  14:48  Flux Vanes  
  187  14:53  Void Ray (Chrono Boost)  
  187  15:01  Photon Cannon  
  187  15:02  Photon Cannon  
  187  15:03  Photon Cannon  
  187  15:05  Shield Battery  
  187  15:13  Void Ray x2  
  187  15:15  High Templar  
  197  15:31  Zealot  
  188  15:50  Void Ray x3 (Chrono Boost)  
  188  15:53  Void Ray (Chrono Boost)  
  184  16:09  Zealot x7  
  184  16:10  Zealot  
  189  16:13  Probe x5  
  189  16:17  Protoss Shields Level 2  
  194  16:25  Probe x4  
  196  16:26  Probe  
  197  16:34  High Templar  
  199  16:41  Protoss Air Weapons Level 3 (Chrono Boost)  
  199  16:42  Pylon  
  160  17:12  Dark Templar, Zealot x4  
  160  17:13  Zealot x2  
  168  17:15  Void Ray x2  
  168  17:16  Void Ray x2  
  166  17:26  Archon, Stalker  
  166  17:29  Probe x2  
  150  17:38  High Templar  
  150  17:39  High Templar x3  
  158  17:47  Observer (Chrono Boost)  
  159  17:52  Void Ray x2  
  159  17:53  Void Ray  
  159  17:54  Photon Cannon  
  159  17:55  Shield Battery, Stalker  
  159  17:58  Photon Cannon  
  161  17:59  Pylon  
  161  18:03  Pylon  
  171  18:06  Zealot x3  
  172  18:17  Carrier  
  174  18:26  Zealot x5  
  174  18:27  Zealot x3  
  129  18:42  Archon  
  117  18:48  Zealot x2  
  117  18:49  Zealot x4  
  117  18:54  Zealot  
  114  18:58  High Templar  
Tags
 
Add a new tag
Caveats
  • Supply blocks, unpowered buildings, or Contaminate may cause inaccurate times.
  • Supply counts are checked every 10 seconds.